[Event "January 9 Early 2024"]
[Site "https://www.chess.com"]
[Date "2024.01.11"]
[Round "8"]
[White "Joubert, Dantelle"]
[Black "Modric, Nesa"]
[Result "1-0"]
[Board "164"]
[TimeControl "180+1"]
[WhiteFideId "14310813"]
[BlackFideId "922579"]
[WhiteElo "2064"]
[BlackElo "2179"]
[WhiteTeam "RSA"]
[BlackTeam "SRB"]
[WhiteClock "0:00:05"]
[BlackClock "0:00:01"]

1. d4 d5 2. c4 e6 3. Nf3 c6 4. e3 Nf6 5. Nc3 Nbd7 6. Bd3 Bd6 7. O-O O-O 8. e4 dxe4 9. Nxe4 Nxe4 10. Bxe4 Nf6 11. Bc2 c5 12. b3 cxd4 13. Qxd4 b6 14. Rd1 Be7 15. Qh4 Bb7 16. Bb2 h6 17. Rxd8 Rfxd8 18. Rd1 a5 19. Qf4 Rxd1+ 20. Bxd1 Rd8 21. Bc2 Rd7 22. h3 Bd6 23. Qe3 Bc7 24. Ne5 Rd8 25. c5 Nd5 26. Qf3 f5 27. cxb6 Bxb6 28. Qh5 Rf8 29. Ba3 Nb4 30. Bxb4 axb4 31. Nd7 Rc8 32. Nxb6 Rxc2 33. Qe8+ Kh7 34. Qxe6 Be4 35. Nd7 Rc1+ 36. Kh2 Rc6 37. Qe7 Kg8 38. f3 Bd5 39. Qe8+ Kh7 40. Nf8+ Kg8 41. Ng6+ Kh7 42. Ne7 Re6 43. Qd8 Ba8 44. Qg8# 1-0

[Event "January 9 Early 2024"]
[Site "https://www.chess.com"]
[Date "2024.01.11"]
[Round "8"]
[White "Xu, Yi"]
[Black "Aradhya, Garg"]
[Result "0-1"]
[Board "165"]
[TimeControl "180+1"]
[WhiteFideId "8605564"]
[BlackFideId "25006746"]
[WhiteElo "2857"]
[BlackElo "2736"]
[WhiteTeam "CHN"]
[BlackTeam "IND"]
[WhiteClock "0:00:07"]
[BlackClock "0:00:10"]

1. e4 e5 2. Nf3 Nc6 3. Bc4 Nf6 4. d3 Bc5 5. O-O O-O 6. h3 d6 7. c3 a6 8. a4 Ba7 9. Re1 b5 10. Bb3 b4 11. a5 Rb8 12. Nbd2 Ne7 13. Nf1 Ng6 14. Ng3 c6 15. d4 h6 16. Be3 bxc3 17. bxc3 exd4 18. cxd4 Re8 19. Bc2 c5 20. d5 Nd7 21. Nd2 Qc7 22. Qe2 Rb5 23. Nc4 Nge5 24. Nxe5 Rxe5 25. Ba4 Rxa5 26. Bd2 Rxa4 27. Rxa4 Nb6 28. Raa1 Nxd5 29. Qf3 Nf6 30. Bxh6 Bb7 31. Bd2 d5 32. Bf4 d4 33. Bxe5 Qxe5 34. Rab1 Bc6 35. Qd3 Bb5 36. Rxb5 axb5 37. Qxb5 Bb8 38. Rc1 Bd6 39. Qc6 g6 40. Qa8+ Kg7 41. Qc6 d3 42. Rd1 Qd4 43. Ne2 dxe2 44. Re1 Qd2 0-1

[Event "January 9 Early 2024"]
[Site "https://www.chess.com"]
[Date "2024.01.11"]
[Round "8"]
[White "Alekseenko, Kirill"]
[Black "So, Wesley"]
[Result "0-1"]
[Board "166"]
[TimeControl "180+1"]
[WhiteFideId "4135539"]
[BlackFideId "5202213"]
[WhiteElo "2924"]
[BlackElo "3052"]
[WhiteTeam "AUT"]
[BlackTeam "USA"]
[WhiteClock "0:00:04"]
[BlackClock "0:00:11"]

1. e4 e6 2. d4 d5 3. Nd2 Be7 4. Bd3 c5 5. dxc5 Nf6 6. Qe2 O-O 7. Ngf3 a5 8. O-O Na6 9. e5 Nd7 10. Nb3 a4 11. Nbd4 Naxc5 12. Bd2 Qc7 13. h4 h6 14. Rae1 b6 15. h5 Ba6 16. Bxa6 Rxa6 17. c4 dxc4 18. Qxc4 Raa8 19. Nb5 Qb7 20. Qg4 Kh7 21. Bc3 Rad8 22. Rd1 Qe4 23. Qg3 Qf5 24. Nbd4 Qxh5 25. Nc6 Rde8 26. Rd4 Qf5 27. Rf4 Qd3 28. Rd4 Qf5 29. Rf4 Qd3 30. Rd4 Qb5 31. Nxe7 Rxe7 32. Rfd1 Qe2 33. Re1 Qc2 34. Rg4 Rg8 35. Nd4 Qd3 36. Re3 Qb1+ 37. Kh2 Ree8 38. Rf3 Ref8 39. Bd2 Ne4 40. Qf4 Nxd2 41. Rh3 Nf1+ 42. Kg1 Ne3+ 43. Kh2 Nf1+ 44. Kg1 Ne3+ 45. Kh2 Nxg4+ 46. Qxg4 Nxe5 47. Qf4 Ng6 48. Qg3 Qe4 49. Nf3 f6 0-1

[Event "January 9 Early 2024"]
[Site "https://www.chess.com"]
[Date "2024.01.11"]
[Round "8"]
[White "de Lisle, Sarah"]
[Black "Gutierrez Carmona, Juan Alejandro"]
[Result "0-1"]
[Board "167"]
[TimeControl "180+1"]
[WhiteFideId "402605"]
[BlackFideId "5106770"]
[WhiteElo "1952"]
[BlackElo "2187"]
[WhiteTeam "ENG"]
[BlackTeam "MEX"]
[WhiteClock "0:00:02"]
[BlackClock "0:00:04"]

1. e4 e5 2. Bc4 Nc6 3. Nf3 Bc5 4. O-O Nf6 5. Re1 d6 6. d3 a6 7. c3 Ba7 8. Bb3 h6 9. h3 O-O 10. Nbd2 Ne7 11. Nf1 Ng6 12. Ng3 c6 13. d4 Qc7 14. Nh2 c5 15. dxe5 dxe5 16. Qf3 c4 17. Bc2 Nh4 18. Qe2 b5 19. Nf5 Nxf5 20. exf5 e4 21. Bxe4 Re8 22. Qf3 Rxe4 23. Rxe4 Bb7 24. Bf4 Qc8 25. Ng4 Nxe4 26. Qe3 Bxe3 27. Bxe3 Qxf5 28. f3 Nf6 29. Nxf6+ Qxf6 30. Bd4 Qe6 31. Kf2 Re8 32. Kg3 Qe2 33. Rf1 Qxb2 34. h4 Re2 35. Kf4 Rxg2 36. Be5 Re2 37. Rg1 g6 38. h5 Qd2+ 39. Kg3 g5 40. Bf6 Qe3 41. Rf1 Re1 42. Rf2 Re2 43. Rxe2 Qxe2 44. Be5 Qxf3+ 45. Kh2 Qxh5+ 46. Kg1 Qe2 0-1

[Event "January 9 Early 2024"]
[Site "https://www.chess.com"]
[Date "2024.01.11"]
[Round "8"]
[White "Wagner, Dennis"]
[Black "Laddha, Shubh Jayesh"]
[Result "1-0"]
[Board "168"]
[TimeControl "180+1"]
[WhiteFideId "24650684"]
[BlackFideId "30942799"]
[WhiteElo "2743"]
[BlackElo "2563"]
[WhiteTeam "GER"]
[BlackTeam "USA"]
[WhiteClock "0:00:22"]
[BlackClock "0:00:17"]

1. c4 Nf6 2. Nc3 e5 3. Nf3 Nc6 4. g3 d5 5. cxd5 Nxd5 6. Bg2 Bc5 7. O-O O-O 8. d3 Bb6 9. Bg5 f6 10. Nxd5 Qxd5 11. Bd2 Qf7 12. b4 Be6 13. a4 Bd5 14. e4 Be6 15. a5 Bd4 16. Rc1 a6 17. Rxc6 bxc6 18. Nxd4 exd4 19. Qc2 Qd7 20. Rc1 Bh3 21. Qxc6 Qxc6 22. Rxc6 Bxg2 23. Kxg2 Rf7 24. f4 Rd7 25. g4 Kf7 26. Kf3 Ke7 27. f5 Ra7 28. g5 Rd6 29. Rc4 Rb7 30. h4 Rd8 31. Be1 Ke8 32. Rc6 Rd6 33. Rc5 Rd8 34. Rc4 Ke7 35. Bf2 c5 36. bxc5 Rb3 37. Bxd4 Rxd3+ 38. Be3 Ra3 39. c6 Rxa5 40. Bb6 Ra3+ 41. Kf4 Rdd3 42. Bc5+ Kd8 43. c7+ Kc8 44. Bxa3 Rxa3 45. gxf6 gxf6 46. Rc6 a5 47. h5 a4 48. h6 Ra1 49. Rxf6 Kxc7 50. Ra6 a3 51. f6 Kb7 52. Ra4 Kb6 53. Ke5 Kb5 54. Ra8 Kb4 55. f7 Rf1 56. f8=Q+ Rxf8 57. Rxf8 Kb3 58. Rb8+ Ka2 59. Ra8 Ka1 60. Rxa3+ Kb2 61. Rg3 1-0

[Event "January 9 Early 2024"]
[Site "https://www.chess.com"]
[Date "2024.01.11"]
[Round "8"]
[White "Popov, Konstantin"]
[Black "Bluebaum, Matthias"]
[Result "0-1"]
[Board "169"]
[TimeControl "180+1"]
[WhiteFideId "34137910"]
[BlackFideId "24651516"]
[WhiteElo "2906"]
[BlackElo "3085"]
[WhiteTeam "FID"]
[BlackTeam "GER"]
[WhiteClock "0:00:03"]
[BlackClock "0:00:28"]

1. e4 e6 2. d4 d5 3. Nc3 Nf6 4. Bg5 dxe4 5. Nxe4 Be7 6. Nxf6+ Bxf6 7. Bxf6 Qxf6 8. Nf3 O-O 9. Qd3 Bd7 10. Qe3 Nc6 11. O-O-O Rfd8 12. Bd3 Nb4 13. a3 Nd5 14. Qe5 Nf4 15. Qxf6 gxf6 16. g3 Nxd3+ 17. Rxd3 Bc6 18. Rhd1 Rd6 19. Ng1 Rad8 20. R3d2 Kg7 21. b3 b6 22. Kb2 Bb7 23. c4 c5 24. Kc3 cxd4+ 25. Rxd4 Rxd4 26. Rxd4 Rxd4 27. Kxd4 e5+ 28. Ke3 Kg6 29. Ne2 Kf5 30. f3 Ke6 31. Nc3 Bc6 32. f4 Kf5 33. Nd5 Bb7 34. h3 h5 35. a4 Ke6 36. Nc3 Bg2 37. h4 Bc6 38. b4 Kf5 39. b5 Bg2 40. Nd5 Bf1 41. Ne7+ Ke6 42. Nc6 Bxc4 43. Nxa7 Kd6 44. Nc8+ Kc5 45. f5 Bb3 46. g4 Bc2 47. a5 bxa5 48. b6 Kc6 49. gxh5 a4 50. h6 a3 51. h7 a2 52. Ne7+ Kd7 53. h8=Q a1=Q 54. Qc8+ Kxe7 55. b7 Qd4+ 56. Ke2 Bd3+ 57. Kf3 Be4+ 58. Kg4 Bxb7+ 59. Kh5 Bxc8 0-1

[Event "January 9 Early 2024"]
[Site "https://www.chess.com"]
[Date "2024.01.11"]
[Round "8"]
[White "Ter-Sahakyan, Samvel"]
[Black "Haring, Filip"]
[Result "1-0"]
[Board "170"]
[TimeControl "180+1"]
[WhiteFideId "13302531"]
[BlackFideId "14933080"]
[WhiteElo "2908"]
[BlackElo "2708"]
[WhiteTeam "ARM"]
[BlackTeam "SVK"]
[WhiteClock "0:00:10"]
[BlackClock "0:00:06"]

1. d4 Nf6 2. c4 e6 3. Nc3 d5 4. cxd5 exd5 5. Bg5 Be7 6. e3 O-O 7. Bd3 Nbd7 8. Nge2 Re8 9. O-O Nf8 10. Qc2 c6 11. Rab1 a5 12. a3 g6 13. b4 Nh5 14. Bxe7 Qxe7 15. b5 Qxa3 16. bxc6 bxc6 17. Na4 Ba6 18. Bxa6 Rxa6 19. Rfc1 Ne6 20. Nb6 Qd6 21. Nc3 Nf6 22. h3 c5 23. dxc5 Nxc5 24. Ncxd5 Nxd5 25. Nxd5 Qxd5 26. Qxc5 Qxc5 27. Rxc5 a4 28. Ra1 a3 29. Rc3 a2 30. Rc2 Rea8 31. g4 Kg7 32. Kg2 Kf6 33. Kf3 Ke5 34. Ke2 Ke4 35. Rc4+ Kd5 36. Rc2 Ke5 37. Rc5+ Kd6 38. Rc2 Kd5 39. Kf3 Ke5 40. h4 h6 41. h5 gxh5 42. Rc5+ Kf6 43. Rxh5 Kg6 44. Rc5 Ra4 45. Rc2 R8a6 46. Kg3 Kg5 47. f4+ Kg6 48. Kf3 h5 49. gxh5+ Kxh5 50. Rg1 1-0

[Event "January 9 Early 2024"]
[Site "https://www.chess.com"]
[Date "2024.01.11"]
[Round "8"]
[White "Bologan, Victor"]
[Black "Garakov, Mikhael"]
[Result "1-0"]
[Board "171"]
[TimeControl "180+1"]
[WhiteFideId "13900048"]
[BlackFideId "4169034"]
[WhiteElo "2786"]
[BlackElo "2661"]
[WhiteTeam "MDA"]
[BlackTeam "RUS"]
[WhiteClock "0:00:43"]
[BlackClock "0:00:02"]

1. e4 c5 2. Nf3 e6 3. d4 cxd4 4. Nxd4 Nc6 5. Nc3 Qc7 6. Be2 a6 7. O-O Nf6 8. Kh1 Be7 9. f4 d6 10. Be3 O-O 11. Qe1 Bd7 12. Qg3 b5 13. a3 Nxd4 14. Bxd4 Bc6 15. Rae1 Rae8 16. Bf3 Rd8 17. Nd5 exd5 18. exd5 Ba8 19. Rxe7 Qxe7 20. Re1 Qxe1+ 21. Qxe1 Nxd5 22. Qg3 f6 23. h3 Ne7 24. Bxa8 Rxa8 25. Qb3+ Rf7 26. Qe6 Nc6 27. Bb6 h5 28. Qxd6 Rc8 29. Bc5 Ne7 30. b4 h4 31. Qxa6 Rd8 32. Kh2 Nf5 33. Qxb5 Ng3 34. Bf2 Rd2 35. Bxg3 hxg3+ 36. Kxg3 Rxc2 37. a4 Rfc7 38. a5 R7c3+ 39. Kh2 Ra3 40. a6 Raa2 41. Qd5+ Kh7 42. b5 Rd2 43. Qe4+ f5 44. Qxf5+ g6 45. Qe4 Kh6 46. Qa8 g5 47. Qh8+ Kg6 48. Qg8+ Kf5 49. Qxg5+ Ke4 50. h4 Ke3 51. f5+ Kf2 52. Qf4+ Ke1 53. Qe3+ Kf1 54. Qf3+ Ke1 55. f6 Ra4 56. Qg3+ Kf1 57. f7 1-0

[Event "January 9 Early 2024"]
[Site "https://www.chess.com"]
[Date "2024.01.11"]
[Round "8"]
[White "Spitzl, Vinzent"]
[Black "Skurikhin, Dmitrij"]
[Result "0-1"]
[Board "172"]
[TimeControl "180+1"]
[WhiteFideId "12901253"]
[BlackFideId "4161297"]
[WhiteElo "2441"]
[BlackElo "2218"]
[WhiteTeam "GER"]
[BlackTeam "RUS"]
[WhiteClock "0:00:04"]
[BlackClock "0:00:07"]

1. e4 c6 2. d4 d5 3. exd5 cxd5 4. Bd3 Nc6 5. c3 Nf6 6. Bf4 Bg4 7. Qb3 Qc8 8. Nd2 e6 9. h3 Bh5 10. Ngf3 Be7 11. O-O O-O 12. Rfe1 a6 13. Ne5 Bg6 14. Nxg6 hxg6 15. Nf3 b5 16. a3 Na5 17. Qd1 Nc4 18. Qe2 Qb7 19. Ne5 Rac8 20. g4 Nxe5 21. dxe5 Nd7 22. h4 Bxh4 23. g5 Nc5 24. Bc2 f5 25. Kh2 Kf7 26. Rh1 Rh8 27. Kg1 Qe7 28. Qe3 Rh5 29. Kf1 Bxg5 30. Rg1 Bxf4 31. Qxf4 Qh4 32. Qe3 g5 33. b4 Ne4 34. Bxe4 dxe4 35. Qa7+ Kg8 36. Rd1 Qh3+ 37. Ke2 Qf3+ 38. Ke1 Rxc3 39. Qa8+ Kh7 40. Qe8 Rh1 41. Rxh1+ Qxh1+ 42. Ke2 Qf3+ 43. Ke1 e3 0-1

[Event "January 9 Early 2024"]
[Site "https://www.chess.com"]
[Date "2024.01.11"]
[Round "8"]
[White "Sultanbek, Zeinep"]
[Black "Perez Gormaz, Matias"]
[Result "0-1"]
[Board "173"]
[TimeControl "180+1"]
[WhiteFideId "13710419"]
[BlackFideId "3406342"]
[WhiteElo "2299"]
[BlackElo "2643"]
[WhiteTeam "KAZ"]
[BlackTeam "CHI"]
[WhiteClock "0:00:06"]
[BlackClock "0:00:03"]

1. d4 a6 2. c4 b5 3. e4 bxc4 4. Bxc4 Bb7 5. Nc3 e6 6. Nf3 Nf6 7. Qe2 Bb4 8. Bd3 d5 9. e5 Ne4 10. Bd2 Nxd2 11. Nxd2 Be7 12. Qg4 O-O 13. h4 c5 14. Nf3 h6 15. Qf4 Nc6 16. g4 Nxd4 17. Nxd4 cxd4 18. Qxd4 Bxh4 19. O-O-O Rc8 20. f4 Be7 21. Bc2 Rc4 22. Qd3 Re4 23. Nxe4 dxe4 24. Qxd8 Bxd8 25. Rd7 Bd5 26. Bb3 Bc6 27. Rd6 Bb5 28. a4 Be2 29. Bd1 Bd3 30. Bc2 Be7 31. Rd7 Rc8 32. Rh2 Bh4 33. Kb1 Bg3 34. Rg2 Bxf4 35. Bxd3 exd3 36. Rxd3 Bxe5 37. Rc2 Rb8 38. Ka2 g6 39. Ka3 Kg7 40. b4 h5 41. gxh5 gxh5 42. Rc5 Bf6 43. Rxh5 Be7 44. Rg3+ Kf6 45. Rf3+ Kg6 46. Re5 Rxb4 47. a5 Rb5+ 0-1

[Event "January 9 Early 2024"]
[Site "https://www.chess.com"]
[Date "2024.01.11"]
[Round "8"]
[White "Wadsworth, Matthew J"]
[Black "Beerdsen, Thomas"]
[Result "0-1"]
[Board "174"]
[TimeControl "180+1"]
[WhiteFideId "415804"]
[BlackFideId "1030108"]
[WhiteElo "2649"]
[BlackElo "2856"]
[WhiteTeam "ENG"]
[BlackTeam "NED"]
[WhiteClock "0:00:02"]
[BlackClock "0:00:33"]

1. e4 e5 2. Nf3 Nc6 3. Nc3 Nf6 4. d4 exd4 5. Nxd4 Nxe4 6. Nxe4 Qe7 7. Nxc6 Qxe4+ 8. Be2 dxc6 9. O-O Bd6 10. Bf3 Qh4 11. Re1+ Be6 12. g3 Qf6 13. Bg4 O-O-O 14. Bxe6+ fxe6 15. Qg4 Bc5 16. Bf4 Kb8 17. c3 Rhe8 18. Re2 e5 19. Bg5 Qg6 20. Qh4 Rd7 21. Rae1 Rf7 22. Be3 Bxe3 23. Rxe3 Ref8 24. Rxe5 Rxf2 25. Qxh7 Qf7 26. Re8+ Rxe8 27. Rxe8+ Qxe8 28. Kxf2 Qf7+ 29. Ke3 a5 30. h4 Qxa2 31. Qxg7 Qxb2 32. h5 Qc1+ 33. Ke4 Qe1+ 34. Kf4 Qf2+ 35. Kg4 Qe2+ 36. Kg5 Qe3+ 37. Kh4 Qe4+ 38. g4 Qh1+ 39. Kg5 Qc1+ 40. Kg6 Qc2+ 41. Kh6 a4 42. g5 Qc1 43. Qh8+ Ka7 44. Qd4+ Kb8 45. Qxa4 Qxc3 46. Qe4 Qh8+ 47. Qh7 Qd4 48. Qg8+ Ka7 49. Qg7 Qf4 50. Kh7 c5 51. g6 c4 52. h6 Qe3 53. Qd7 c3 54. g7 Qe4+ 55. Kh8 c2 56. g8=Q c1=Q 57. Qdg7 c5 58. h7 Qcb1 59. Q8f7 c4 60. Kg8 c3 61. Qxb7+ Qexb7 62. Qxb7+ Qxb7 0-1

[Event "January 9 Early 2024"]
[Site "https://www.chess.com"]
[Date "2024.01.11"]
[Round "8"]
[White "Mendez Fortes, Eduardo Jesus"]
[Black "Llorente Zaro, Alfonso"]
[Result "1-0"]
[Board "175"]
[TimeControl "180+1"]
[WhiteFideId "3502376"]
[BlackFideId "2254131"]
[WhiteElo "2556"]
[BlackElo "2687"]
[WhiteTeam "CUB"]
[BlackTeam "ESP"]
[WhiteClock "0:00:12"]
[BlackClock "0:00:02"]

1. e4 b6 2. d4 e6 3. Nc3 Bb7 4. Nf3 Bb4 5. Nd2 d5 6. e5 c5 7. a3 Bxc3 8. bxc3 Ne7 9. Qg4 O-O 10. Nf3 Ba6 11. h4 Bxf1 12. Kxf1 Nbc6 13. h5 cxd4 14. Bg5 Kh8 15. h6 g6 16. Qf4 Kg8 17. g4 f5 18. exf6 Qd7 19. cxd4 Nc8 20. Ne5 Nxe5 21. dxe5 b5 22. Kg2 Nb6 23. Qb4 Rfc8 24. Rh3 Rxc2 25. f7+ Qxf7 26. Rf3 Qe8 27. Qf4 Qf8 28. Bf6 Rc4 29. Qg5 Rac8 30. Rd1 Re4 31. Rdd3 Rcc4 32. Kh3 Rxg4 33. Bg7 Qe8 34. Qxg4 Rxg4 35. Kxg4 Nd7 36. Rf4 Qc8 37. Rdf3 Qe8 38. Kg3 a5 39. Kg2 Qe7 40. Kf1 b4 41. a4 g5 42. Rg4 d4 43. Bf6 Nxf6 44. Rxg5+ Kf7 45. Rg7+ Ke8 46. Rxe7+ Kxe7 47. exf6+ Kf7 48. Ke2 e5 49. Kd3 1-0

[Event "January 9 Early 2024"]
[Site "https://www.chess.com"]
[Date "2024.01.11"]
[Round "8"]
[White "Salman, Ilhan Serhat"]
[Black "Korol, Dimitry"]
[Result "1-0"]
[Board "176"]
[TimeControl "180+1"]
[WhiteFideId "6361579"]
[BlackFideId "14108003"]
[WhiteElo "2502"]
[BlackElo "2346"]
[WhiteTeam "TUR"]
[BlackTeam "UKR"]
[WhiteClock "0:00:16"]
[BlackClock "0:00:01"]

1. Nc3 c5 2. g3 g6 3. Bg2 Bg7 4. Nf3 Nc6 5. O-O e5 6. b3 Nge7 7. Bb2 O-O 8. e4 d6 9. d3 f5 10. Qd2 h6 11. Nh4 f4 12. gxf4 exf4 13. Rae1 g5 14. Nf5 Nxf5 15. exf5 Bxf5 16. Bc1 Qd7 17. Nd5 Rae8 18. h4 Ne5 19. Bb2 f3 20. Bh1 Bh3 21. Kh2 Bxf1 22. Rxf1 Ng4+ 23. Kg3 Bxb2 24. hxg5 Be5+ 25. Kh4 Rf5 26. Rg1 Rxg5 27. Bxf3 Kh7 28. Rxg4 Qd8 29. Kh3 Reg8 30. Qe3 Rxg4 31. Bxg4 Qg5 32. Qe4+ Kh8 33. Qf3 h5 34. Bxh5 Qg1 35. Nf4 Bxf4 36. Qxf4 Qh1+ 37. Qh2 Qxh2+ 38. Kxh2 Rf8 39. Kg2 Kg7 40. Bf3 Kf6 41. Bxb7 Ke5 42. c3 d5 43. Kg3 d4 44. c4 Rf4 45. a3 Rf7 46. Bd5 Rg7+ 47. Kf3 Rg1 48. b4 cxb4 49. axb4 Rb1 50. b5 Rb3 51. Ke2 Kf4 52. Be4 Rb2+ 53. Kf1 1-0

[Event "January 9 Early 2024"]
[Site "https://www.chess.com"]
[Date "2024.01.11"]
[Round "8"]
[White "Bogumil, Tatiana"]
[Black "Mazurkiewicz, Michal"]
[Result "0-1"]
[Board "177"]
[TimeControl "180+1"]
[WhiteFideId "4110579"]
[BlackFideId "1124943"]
[WhiteElo "2124"]
[BlackElo "2451"]
[WhiteTeam "RUS"]
[BlackTeam "POL"]
[WhiteClock "0:00:02"]
[BlackClock "0:00:06"]

1. Nf3 Nf6 2. c4 g6 3. b3 Bg7 4. Bb2 O-O 5. g3 d6 6. d4 Re8 7. d5 c6 8. dxc6 Nxc6 9. Bg2 d5 10. cxd5 Qxd5 11. Qxd5 Nxd5 12. Bxg7 Kxg7 13. O-O e5 14. h3 f6 15. Rc1 Be6 16. Na3 Rad8 17. Nb5 a6 18. Nc3 e4 19. Nxe4 Bxh3 20. Nxf6 Kxf6 21. Bxh3 Rxe2 22. Bf1 Rb2 23. Rcb1 Rxb1 24. Rxb1 Nc3 25. Rb2 Rd1 26. Kg2 Nb4 27. a3 Nd3 28. Rc2 Nd5 29. Rd2 Rxd2 30. Nxd2 Ne1+ 31. Kg1 Ke5 32. Be2 Kd4 33. Nf3+ Kc3 34. Nxe1 Kxb3 35. Bf3 Nc3 36. Bxb7 a5 37. Nd3 Kxa3 38. Bc6 Kb3 39. Be8 Kc4 40. Nb2+ Kb3 41. Nd3 Kc4 42. Ne5+ Kb4 43. Ng4 a4 44. Nf6 a3 0-1

[Event "January 9 Early 2024"]
[Site "https://www.chess.com"]
[Date "2024.01.11"]
[Round "8"]
[White "Goryachkina, Aleksandra"]
[Black "Starozhilov, Leonid"]
[Result "0-1"]
[Board "178"]
[TimeControl "180+1"]
[WhiteFideId "4147103"]
[BlackFideId "14106752"]
[WhiteElo "2653"]
[BlackElo "2780"]
[WhiteTeam "FID"]
[BlackTeam "UKR"]
[WhiteClock "0:00:04"]
[BlackClock "0:00:04"]

1. e4 g6 2. d4 Bg7 3. Nc3 d6 4. Nf3 Nf6 5. Be3 O-O 6. Qd2 Bg4 7. O-O-O Nc6 8. Bh6 e5 9. Bxg7 Kxg7 10. dxe5 dxe5 11. Qg5 Qe7 12. h3 Bxf3 13. gxf3 Rad8 14. Bc4 Nd4 15. f4 h6 16. Qh4 exf4 17. Qxf4 b5 18. Nxb5 Nxb5 19. Bxb5 Qxe4 20. Qg3 Qb4 21. Bd3 Rb8 22. Qe5 Rfe8 23. Qc3 Qxc3 24. bxc3 Nd5 25. Kd2 Nf4 26. Rb1 Rb6 27. h4 h5 28. a4 a5 29. Rxb6 cxb6 30. Rb1 Re6 31. c4 Rf6 32. Kc3 Ng2 33. Be4 Nxh4 34. c5 bxc5 35. Rb5 Rf4 36. Bd5 Rxa4 37. Rxc5 Rf4 38. Rxa5 Rxf2 39. Kd3 Ng2 40. Bxg2 Rxg2 41. c4 h4 42. c5 h3 43. c6 h2 0-1

[Event "January 9 Early 2024"]
[Site "https://www.chess.com"]
[Date "2024.01.11"]
[Round "8"]
[White "Leschinsky, Gary"]
[Black "Olenik Campa, Rudi"]
[Result "0-1"]
[Board "179"]
[TimeControl "180+1"]
[WhiteFideId "30951321"]
[BlackFideId "14633264"]
[WhiteElo "2418"]
[BlackElo "2558"]
[WhiteTeam "USA"]
[BlackTeam "SLO"]
[WhiteClock "0:00:17"]
[BlackClock "0:00:04"]

1. d4 Nf6 2. c4 g6 3. Nc3 Bg7 4. e4 d6 5. h3 O-O 6. Be3 c5 7. d5 e6 8. Nf3 exd5 9. exd5 Na6 10. Be2 Re8 11. O-O Nc7 12. Qd2 a6 13. Rfe1 Bd7 14. Bf4 Bf5 15. Bd3 Bxd3 16. Qxd3 Nh5 17. Bh2 Qd7 18. Nd2 b5 19. Nce4 Bxb2 20. Rab1 Be5 21. Bxe5 Rxe5 22. g4 f5 23. Nxc5 Rxe1+ 24. Rxe1 dxc5 25. gxh5 bxc4 26. Nxc4 Qxd5 27. Qxd5+ Nxd5 28. hxg6 hxg6 29. Re6 Nf4 30. Rc6 Nxh3+ 31. Kg2 Nf4+ 32. Kf3 Nd3 33. Rxg6+ Kf7 34. Rb6 a5 35. Ke3 Nb4 36. Ne5+ Kg7 37. Rd6 Nxa2 38. Kf4 a4 39. Rg6+ Kh7 40. Kg5 Nc3 41. Rh6+ Kg7 42. Rg6+ Kf8 43. Rh6 Ke7 44. Rh7+ Kd6 45. Kf4 a3 46. Rh6+ Kd5 47. Nd7 Ra4+ 48. Kxf5 Ra5 49. Nb6+ Kd4 50. Rd6+ Nd5 51. Rxd5+ Kc3 52. Rd1 a2 53. Ra1 Kb2 54. Rxa2+ Kxa2 55. Kf4 Kb3 56. Ke5 c4+ 57. Kd4 c3 58. Nc4 Ra4 0-1

[Event "January 9 Early 2024"]
[Site "https://www.chess.com"]
[Date "2024.01.11"]
[Round "8"]
[White "Svane, Rasmus"]
[Black "Onyshchuk, Volodymyr"]
[Result "1-0"]
[Board "180"]
[TimeControl "180+1"]
[WhiteFideId "4657101"]
[BlackFideId "14114038"]
[WhiteElo "3033"]
[BlackElo "2790"]
[WhiteTeam "GER"]
[BlackTeam "UKR"]
[WhiteClock "0:00:11"]
[BlackClock "0:00:03"]

1. Nf3 g6 2. d4 Bg7 3. g3 d6 4. Bg2 Nf6 5. O-O O-O 6. Re1 Nc6 7. d5 Nb8 8. c4 e5 9. dxe6 Bxe6 10. Nd4 Bc8 11. Nc3 Re8 12. b3 Na6 13. Bb2 Nc5 14. Qc2 c6 15. Rad1 a5 16. h3 Qb6 17. e3 Bd7 18. Rd2 a4 19. Rb1 axb3 20. axb3 Na6 21. Qc1 Nb4 22. Ba3 Qa5 23. Bxb4 Qxb4 24. Na2 Qa3 25. Nc3 Qxc1+ 26. Rxc1 Ra3 27. Rb1 Rea8 28. Nc2 R3a7 29. Rxd6 Be8 30. Rd2 Nd7 31. Na4 Ra5 32. Rbd1 Nc5 33. Nb6 Nxb3 34. Nxa8 Nxd2 35. Nc7 Nxc4 36. Nxe8 Kf8 37. Nxg7 Kxg7 38. Rd7 Rb5 39. Nd4 Rb1+ 40. Kh2 Rb2 41. Kg1 Rb1+ 42. Bf1 Nd2 43. Ne6+ Kf6 44. Rxd2 Kxe6 45. Kg2 b5 46. Rd8 c5 47. Rb8 b4 48. Bc4+ Ke5 49. Rb5 Kd6 50. Rb6+ Kc7 51. Rf6 Rc1 52. Bxf7 c4 53. Rf4 b3 54. Rxc4+ 1-0

[Event "January 9 Early 2024"]
[Site "https://www.chess.com"]
[Date "2024.01.11"]
[Round "8"]
[White "Krivenko, Dion"]
[Black "Mikhailovsky, Vladimir"]
[Result "0-1"]
[Board "181"]
[TimeControl "180+1"]
[WhiteFideId "4508378"]
[BlackFideId "34105414"]
[WhiteElo "2446"]
[BlackElo "2811"]
[WhiteTeam "EST"]
[BlackTeam "RUS"]
[WhiteClock "0:00:03"]
[BlackClock "0:00:02"]

1. e4 c5 2. Nf3 e6 3. Qe2 d6 4. g3 Nf6 5. Bg2 Nc6 6. O-O Be7 7. c3 e5 8. Na3 O-O 9. Rd1 a6 10. Nc2 Re8 11. a4 Bf8 12. h3 d5 13. d3 h6 14. Nh4 Be6 15. Ne3 g6 16. exd5 Nxd5 17. Nf3 Nxe3 18. Bxe3 Qd7 19. Kh2 Bd5 20. Qd2 Kh7 21. h4 Rad8 22. Qe2 Na5 23. c4 Bc6 24. Ra3 b6 25. Bd2 Bxa4 26. Rda1 Bc6 27. Bxa5 bxa5 28. Rxa5 Qxd3 29. Qxd3 Rxd3 30. Ne1 Rd6 31. Rxa6 Ree6 32. Bxc6 Rxc6 33. Rxc6 Rxc6 34. Nd3 e4 35. Nf4 Rb6 36. Rb1 Bg7 37. b3 Bd4 38. Kg2 Rf6 39. Nd5 Rxf2+ 40. Kh3 e3 41. Kg4 f5+ 42. Kh3 g5 43. hxg5 hxg5 44. g4 f4 45. b4 cxb4 46. Rxb4 e2 47. Rb7+ Kg6 48. Ra7 Bxa7 49. Ne3 Bxe3 50. c5 e1=Q 51. c6 Qh1# 0-1

[Event "January 9 Early 2024"]
[Site "https://www.chess.com"]
[Date "2024.01.11"]
[Round "8"]
[White "Yelisieiev, Yevhenii"]
[Black "Petrukhina, Olga"]
[Result "1-0"]
[Board "182"]
[TimeControl "180+1"]
[WhiteFideId "14139642"]
[BlackFideId "13703935"]
[WhiteElo "2499"]
[BlackElo "2285"]
[WhiteTeam "GER"]
[BlackTeam "KAZ"]
[WhiteClock "0:00:09"]
[BlackClock "0:00:01"]

1. d4 e6 2. Nf3 Nf6 3. c4 d5 4. Nc3 Be7 5. Bg5 O-O 6. e3 h6 7. Bh4 Ne4 8. Bxe7 Qxe7 9. Nxe4 dxe4 10. Nd2 f5 11. Be2 c5 12. Nb3 cxd4 13. exd4 e5 14. dxe5 Nc6 15. Qd6 Qxe5 16. Qxe5 Nxe5 17. O-O Be6 18. Nc5 Bxc4 19. Bxc4+ Nxc4 20. b3 Ne5 21. Nxb7 Rac8 22. Rfc1 Nd3 23. Rxc8 Rxc8 24. Nd6 Rc5 25. Rd1 Rc2 26. Nxf5 Nxf2 27. Rd8+ Kf7 28. h3 Nd3 29. Nd6+ Ke7 30. Rc8 Rxa2 31. Nxe4 Kd7 32. Rg8 g5 33. Rg7+ Ke6 34. Nc3 Rc2 35. Nb5 Nf4 36. Nd4+ Kf6 37. Nxc2 Kxg7 38. Kf2 Nd3+ 39. Ke3 Nc5 40. b4 Ne6 41. g3 Kf6 42. Ke4 h5 43. Ne3 Kg6 44. Ke5 Nc7 45. Nc4 Nb5 46. Na5 Nc3 47. Nc6 Ne2 48. Nxa7 Nxg3 49. b5 Ne2 50. b6 Nc3 51. b7 1-0

[Event "January 9 Early 2024"]
[Site "https://www.chess.com"]
[Date "2024.01.11"]
[Round "8"]
[White "Grischuk, Alexander"]
[Black "Durarbayli, Vasif"]
[Result "1-0"]
[Board "183"]
[TimeControl "180+1"]
[WhiteFideId "4126025"]
[BlackFideId "13402935"]
[WhiteElo "3074"]
[BlackElo "2824"]
[WhiteTeam "RUS"]
[BlackTeam "AZE"]
[WhiteClock "0:00:06"]
[BlackClock "0:00:03"]

1. d4 d5 2. Nf3 Nf6 3. Bf4 c5 4. e3 Nc6 5. Nbd2 Qb6 6. dxc5 Qxb2 7. Rb1 Qc3 8. Bb5 e6 9. O-O Be7 10. e4 O-O 11. e5 Nd7 12. Nb3 Qb4 13. Nfd4 Nxd4 14. Nxd4 Qxc5 15. Re1 Bd8 16. Re3 Bb6 17. c3 Qe7 18. Qg4 f5 19. Qh5 Rf7 20. Bg5 Qe8 21. h4 Bc5 22. a4 a6 23. Bd3 Qe7 24. Bxe7 Rxe7 25. Re2 Nf8 26. Qg5 Rc7 27. Reb2 Be7 28. Qd2 Bxh4 29. Rb6 Be7 30. Nf3 Bc5 31. R6b3 Ra7 32. c4 d4 33. a5 Bd7 34. Rb6 Bc6 35. Ng5 Ra8 36. Rxc6 bxc6 37. Qe2 Rd8 38. g3 Be7 39. Nh3 Nd7 40. Nf4 Nc5 41. Bc2 Kf7 42. Qh5+ Kg8 43. Nd3 Ne4 44. Rb6 g6 45. Qf3 c5 46. Qe2 Kf7 47. Kg2 Ra7 48. Nf4 Nc3 49. Qf3 Ne4 50. Bxe4 fxe4 51. Qxe4 1-0